 Dungeon Crawl Stone Soup version 0.30-a0-1066-g63dfefce0d (webtiles) character file.

Game seed: 16922870420729681985

1719 Newt the Trooper (level 8, -5/64 HPs)
             Began as a Demonspawn Gladiator on Apr 11, 2023.
             Was a Follower of Makhleb.
             Slain by a large slime creature (36 damage)
             ... on level 6 of the Dungeon on Apr 12, 2023.
             The game lasted 00:06:06 (5262 turns).

Newt the Trooper (Demonspawn Gladiator)             Turns: 5262, Time: 00:06:07

Health: -5/64      AC:  8    Str: 16    XL:     8   Next: 75%
Magic:  8/8        EV: 12    Int: 10    God:    Makhleb [*.....]
Gold:   233        SH:  0    Dex: 15    Spells: 7/7 levels left

rFire   . . .      SeeInvis .    e - +4 flail (heavy)
rCold   . . .      Faith    .    (no shield)
rNeg    . . .      Spirit   .    n - +1 scale mail {Will+}
rPois   .          Reflect  .    c - +0 helmet
rElec   .          Rampage  .    (no cloak)
rCorr   .                        (no gloves)
Will    +....                    (no boots)
Stlth   +                        (no amulet)
HPRegen 0.30/turn                (no ring)
MPRegen 0.11/turn                (no ring)

@: no status effects
A: claws 1, demonic guardian 1, spiny 2, sturdy frame 1
a: Renounce Religion


You were on level 6 of the Dungeon.
You worshipped Makhleb.
Makhleb was aware of your devotion.
You visited 2 branches of the dungeon, and saw 7 of its levels.

You collected 233 gold pieces.

Inventory:

Hand Weapons
 a - a +0 heavy rapier
 e - a +4 heavy flail (weapon)
 q - a +2 dagger of venom
 v - a +2 dagger of venom
Missiles
 d - 5 throwing nets (quivered)
 o - 4 poisoned darts
 t - 7 curare-tipped darts
 u - 4 boomerangs
 x - 6 javelins
Armour
 b - a +0 leather armour
 c - a +0 helmet (worn)
 n - a +1 scale mail of willpower (worn)
Wands
 w - a wand of polymorph (5)
Scrolls
 f - 4 scrolls of teleportation
 j - a scroll of summoning
 p - a scroll of brand weapon
 r - a scroll of fear
 y - a scroll of fog
 B - a scroll of poison {unknown}
 C - a scroll of torment {unknown}
Potions
 h - 2 potions of flight
 i - 2 potions of curing
 k - 2 potions of ambrosia
 l - a potion of cancellation
 m - 2 potions of degeneration {unknown}
 s - a potion of attraction {unknown}
 z - a potion of lignification {unknown}
 A - 2 potions of mutation {unknown}


   Skills:
 - Level 6.0 Fighting
 - Level 4.4 Short Blades
 - Level 6.0 Maces & Flails
 - Level 4.0 Throwing
 + Level 2.2 Armour
 - Level 4.0 Dodging


You had 7 spell levels left.
You didn't know any spells.
Your spell library contained the following spells:

 Spells                   Type           Power      Damage    Failure   Level
 Sandblast                Erth           0%         2d4       65%         1
 Lesser Beckoning         Tloc           0%         N/A       78%         2
 Passwall                 Tmut/Erth      0%         N/A       78%         2
 Gell's Gravitas          Tloc           0%         N/A       95%         3
 Stone Arrow              Conj/Erth      0%         3d7       95%         3
 Teleport Other           Tloc           0%         N/A       95%         3
 Olgreb's Toxic Radiance  Pois           0%         N/A       100%        4
 Discord                  Hex            0%         N/A       100%        8
 Ignition                 Fire           0%         3d3       100%        8


Dungeon Overview and Level Annotations

Branches:
Dungeon (6/15)             Temple (1/1) D:4

Altars:
Ashenzari
Cheibriados
Dithmenos
Gozag
Hepliaklqana
Kikubaaqudgha
Makhleb
Nemelex Xobeh
Okawaru
Ru
Trog
Uskayaw
Vehumet
Wu Jian
Xom
Yredelemnul

Shops:
D:1 [

Annotations:
D:5 3 runed translucent doors, kougar's ghost, novice DEFE


Innate Abilities, Weirdness & Mutations

You have sharp fingernails.
A weak demonic guardian rushes to your aid.
You are mostly covered in sharp spines.
Your movements are slightly less encumbered by armour. (ER -2)


Message History

The slime creature is moderately wounded.
Something hits the fungus.
The fungus is splashed with acid.
The acid corrodes the fungus!
The slime creature barely misses you.
The endoplasm hits the fungus.
Unknown command.
You bludgeon the slime creature!!
The slime creature is severely wounded.
A nearby fungus withers and dies. x2
A slime creature comes into view.
The slime creature hits you!
The slime creature is struck by your spines.
The slime creature barely misses you.
Something hits the fungus.
The fungus begins to die.
The fungus is splashed with acid.
The slime creature quivers.
You sock the slime creature!
The slime creature is almost dead.
Two slime creatures merge to form a large slime creature.
The large slime creature is struck by your spines.
The large slime creature completely misses you.
A jelly comes into view.
The large slime creature attacks as you move away!
The large slime creature is struck by your spines.
The large slime creature hits you!!
Ouch! That really hurt!
* * * LOW HITPOINT WARNING * * *
The jelly moves out of view.
Unknown command.
The large slime creature attacks as you move away!
The large slime creature is struck by your spines.
The large slime creature closely misses you.
Unknown command.
You see here a +0 dagger.
Unknown command.
Unknown command.
Okay, then.
You feel much better.
The large slime creature is struck by your spines.
The large slime creature hits you!!!
Ouch! That really hurt!
You die...

#####.#
##.....##
......#
#.......#
#######
#.......#
#.......#
#.......#
####....#
##..'....#
#.########
##.@JJJ.#
#######'#
..# J.#
P.# P.#
..# P.#


You could see a large slime creature, a jelly and an endoplasm.

Vanquished Creatures
  Edmund (D:5)
  A water moccasin (D:5)
  An orc warrior (D:6)
  An ogre (D:4)
  A phantom (D:5)
  2 kobold brigands (D:6)
  A scorpion (D:5)
  A bullfrog (D:5)
  3 killer bees (D:5)
  3 jellies
  5 hounds
  Crazy Yiuf (D:2)
  An orc priest (D:6)
  A sleepcap (D:4)
  Ijyb (D:5)
  An iguana (D:4)
  Natasha (D:2)
  4 orc wizards
  6 gnolls
  9 adders
  An ufetubus (D:5)
  2 dart slugs
  13 orcs
  5 endoplasms
  3 giant cockroaches
  3 goblins
  8 hobgoblins
  4 jackals (D:5)
  8 quokkas
  8 ball pythons
  2 bats
  2 frilled lizards
  11 kobolds
  4 rats
119 creatures vanquished.

Vanquished Creatures (collateral kills)
  An ogre (D:5)
  A gnoll (D:5)
  A kobold (D:2)
3 creatures vanquished.

Vanquished Creatures (others)
  An orc wizard (D:6)
  5 fungi
  6 plants
  6 toadstools (D:6)
18 creatures vanquished.

Grand Total: 140 creatures vanquished

Notes
Turn   | Place    | Note
-------+----------+-------------------------------------------
     0 | D:1      | Newt the Demonspawn Gladiator began the quest for the Orb.
     0 | D:1      | Reached XP level 1. HP: 16/16 MP: 1/1
   186 | D:1      | Gained mutation: You are partially covered in sharp spines.
                  | [demonic ancestry]
   186 | D:1      | Reached XP level 2. HP: 21/23 MP: 2/2
   368 | D:1      | Found Qeitias's Antique Armour Emporium.
   957 | D:2      | Reached XP level 3. HP: 15/29 MP: 3/3
  1206 | D:2      | Found a runed translucent door.
  1207 | D:2      | Noticed Crazy Yiuf
  1563 | D:2      | Noticed Natasha
  1568 | D:2      | Killed Natasha
  1698 | D:2      | Killed Crazy Yiuf
  1699 | D:2      | Gained mutation: A weak demonic guardian rushes to your
                  | aid. [demonic ancestry]
  1699 | D:2      | Reached XP level 4. HP: 31/37 MP: 4/4
  1887 | D:3      | Found a faded altar of an unknown god.
  2395 | D:3      | Gained mutation: Your movements are slightly less
                  | encumbered by armour. (ER -2) [demonic ancestry]
  2395 | D:3      | Reached XP level 5. HP: 40/42 MP: 5/5
  2473 | D:4      | Found a staircase to the Ecumenical Temple.
  2807 | D:4      | Noticed an ogre
  2819 | D:4      | Killed an ogre
  2820 | D:4      | Reached XP level 6. HP: 42/48 MP: 6/6
  3163 | D:4      | Upgraded the game from 0.30-a0-1053-gbd8d5ba0ad to
                  | 0.30-a0-1066-g63dfefce0d
  3381 | D:5      | Entered Level 5 of the Dungeon
  3382 | D:5      | Noticed Ijyb
  3390 | D:5      | Gained mutation: You are mostly covered in sharp spines.
                  | [demonic ancestry]
  3390 | D:5      | Reached XP level 7. HP: 37/55 MP: 7/7
  3583 | Temple   | Entered the Ecumenical Temple
  3764 | Temple   | Became a worshipper of Makhleb the Destroyer
  3801 | D:5      | Reached skill level 5 in Fighting
  3816 | D:5      | Killed Ijyb
  4015 | D:5      | Noticed Edmund
  4038 | D:5      | Killed Edmund
  4184 | D:5      | Reached skill level 1 in Maces & Flails
  4260 | D:5      | Gained mutation: You have sharp fingernails. [demonic
                  | ancestry]
  4260 | D:5      | Reached XP level 8. HP: 26/64 MP: 8/8
  4690 | D:5      | Found a runed translucent gate.
  4690 | D:5      | Found a runed translucent gate.
  4690 | D:5      | Found a runed translucent gate.
  4691 | D:5      | Noticed kougar's ghost (novice DEFE)
  4995 | D:6      | Reached skill level 5 in Maces & Flails
  5063 | D:6      | Reached * piety under Makhleb
  5193 | D:6      | Reached skill level 1 in Armour
  5255 | D:6      | Noticed a slime creature
  5256 | D:6      | Noticed a slime creature
  5262 | D:6      | Slain by a large slime creature

Illustrated notes

Levels and vault maps discovered:
D:1:      matt_arrival_spirals, layout_basic, serial_forest,
          infiniplex_forest_split, infiniplex_forest_straight_3,
          infiniplex_forest_end_2, infiniplex_forest_end_3,
          infiniplex_forest_clump_medium, infiniplex_forest_end_2,
          infiniplex_forest_lined_corner, serial_shops, shop,
          minmay_tetromino_t4
D:2:      layout_loops_ring, uniq_crazy_yiuf_cottage, uniq_natasha
D:3:      layout_basic, ebering_ecumenical_altar_box, st_stairs_1
D:4:      layout_rooms, minmay_temple_entry_stoned_glass,
          minmay_misc_feat_rugged
D:5:      layout_loops_ring, gammafunk_ghost_nasty_kobolds, uniq_edmund,
          uniq_ijyb
D:6:      cheibrodos_fertilizer, layout_loops_ring, serial_shops, shop
Temple:   compressed_dpeg_triangle_lava_temple

Skill      XL: |  1  2  3  4  5  6  7  8 |
---------------+-------------------------+-----
Fighting       | 3 4 6 |  6.0
Throwing       | 2 3 4 |  4.0
Short Blades   | 4 |  4.4
Dodging        | 3 4 |  4.0
Maces & Flails | 3 6 |  6.0
Armour         | 2 |  2.2

Action                     |  1- 3 |  4- 6 |  7- 9 || total
---------------------------+-------+-------+-------++-------
  Melee: Rapier            |    72 |    17 |       ||    89
         Punch             |     1 |       |     2 ||     3
         Dagger            |       |    99 |    42 ||   141
         Flail             |       |       |    44 ||    44
  Throw: Throwing net      |     2 |     1 |     1 ||     4
         Javelin           |       |       |     5 ||     5
    Use: Scroll            |     3 |     4 |     2 ||     9
         Potion            |       |     2 |     2 ||     4
   Stab: Held in net/web   |     1 |     1 |       ||     2
 Armour: Leather armour    |    13 |       |       ||    13
         Scale mail        |     7 |    36 |    26 ||    69
  Dodge: Dodged            |    16 |    69 |    60 ||   145

Table legend: (Time is in decaauts)
 A = Elapsed time spent in this place.
 B = Non-inter-level travel time spent in this place.
 C = Inter-level travel time spent in this place.
 D = Time resting spent in this place.
 E = Time spent auto-exploring this place.
 F = Levels seen in this place.
 G = Mean time per level.
                   A        B        C        D        E       F      G
               +--------+--------+--------+--------+--------+-----+--------+
         Total |   5274 |   4952 |    322 |    871 |   3406 |   7 |  753.4 |
       Dungeon |   5079 |   4793 |    286 |    871 |   3262 |   6 |  846.5 |
        Temple |    194 |    158 |     36 |      0 |    144 |   1 |  194.0 |
               +--------+--------+--------+--------+--------+-----+--------+

Top non-repeatable levels by time:
     D:5: 1214 daAuts
     D:4: 1097 daAuts
     D:2: 899 daAuts
     D:1: 853 daAuts
     D:3: 720 daAuts
     D:6: 294 daAuts
  Temple: 194 daAuts
